 Dungeon Crawl Stone Soup version 0.24-a0-459-g225fefd530 (webtiles) character file.

Game seed: 850763882940759086

353519 vurker the Marksgnoll (level 22, -37/176 HPs)
             Began as a Gnoll Summoner on June 30, 2019.
             Was the Champion of Cheibriados.
             Blown up by an ancient lich (49 damage)
             ... with a wavering orb of destruction
             ... while paralysed by an ancient lich
             ... on level 1 of the Depths.
             The game lasted 02:49:01 (62016 turns).

vurker the Marksgnoll (Gnoll Summoner)             Turns: 62016, Time: 02:49:01

Health: -37/176    AC: 33    Str: 25    XL:     22   Next: 28%
Magic:  23/40      EV:  2    Int: 45    God:    Cheibriados [******]
Gold:   1635       SH:  0    Dex: 30    Spells: 24/49 levels left

rFire    + + +     SeeInvis .   b - +9 broad axe (elec)
rCold    + . .     Gourm    .   R - +1 shield {reflect}
rNeg     . . .     Faith    .   K - +3 fire dragon scales {Xtahua}
rPois    .         Spirit   .   I - +2 helmet {Int+3}
rElec    .         Reflect  +   B - scarf {rC+ rF+}
rCorr    .         Harm     .   n - +2 pair of gloves {archery}
MR       +....                  N - +2 pair of boots
Stlth    +++++.....             k - +5 amulet of reflection
HPRegen  0.39/turn              D - +6 ring of protection
MPRegen  0.27/turn              o - ring of protection from cold

@: paralysed, studying Bows, drained, very slow
A: distributed training, fangs 1, rugged brown scales 1, clumsy 1, strong nose
}: 2/15 runes: decaying, gossamer
a: Bend Time, Temporal Distortion, Slouch, Step From Time, Renounce Religion


You were on level 1 of the Depths.
You worshipped Cheibriados.
Cheibriados was exalted by your worship.
You were full.

You visited 8 branches of the dungeon, and saw 37 of its levels.
You visited 1 bazaar.
You also visited: Sewer, Bailey and Gauntlet.

You collected 5888 gold pieces.
You spent 4253 gold pieces at shops.

Inventory:

Hand Weapons
 b - a +9 broad axe of electrocution (weapon)
   (You took it off a vault warden on level 3 of the Vaults)
Missiles
 L - 2 throwing nets (quivered) {!f}
Armour
 n - a +2 pair of gloves of archery (worn)
   (You acquired it on level 11 of the Dungeon)
 q - a +2 plate armour of fire resistance
   (You bought it in a shop on level 2 of the Orcish Mines)
 B - a scarf of resistance (worn)
   (You found it on level 7 of the Dungeon)
 I - a +2 helmet of intelligence (worn)
   (You bought it in a shop on level 6 of the Dungeon)
 K - +3 fire dragon scales (worn) {Xtahua}
   (You found it on level 3 of the Vaults)
 N - a +2 pair of boots (worn)
   (You found it on level 11 of the Dungeon)
 R - a +1 shield of reflection (worn)
   (You took it off a minotaur in a Gauntlet)
Magical Staves
 a - an uncursed staff of earth
   (You took it off an orc wizard on level 6 of the Dungeon)
 X - an uncursed staff of conjuration {!a}
   (You found it on level 3 of the Vaults)
Jewellery
 k - a +5 amulet of reflection (around neck)
   (You found it on level 4 of the Dungeon)
 o - a ring of protection from cold (right hand)
   (You found it on level 2 of the Spider Nest)
 v - an uncursed ring of poison resistance
   (You found it on level 10 of the Dungeon)
 D - a +6 ring of protection (left hand)
   (You found it on level 7 of the Dungeon)
Wands
 c - a wand of disintegration (16)
   (You found it on level 3 of the Swamp)
 d - a wand of iceblast (36)
   (You found it on level 4 of the Lair of Beasts)
 r - a wand of enslavement (6)
   (You found it on level 8 of the Dungeon)
 t - a wand of flame (69)
   (You took it off Maurice on level 1 of the Orcish Mines)
 u - a wand of paralysis (43)
   (You found it on level 7 of the Dungeon)
 F - a wand of scattershot (13)
   (You found it on level 8 of the Dungeon)
 G - a wand of polymorph (14)
   (You found it on level 1 of the Vaults)
Scrolls
 g - 15 scrolls of remove curse {@r2}
 m - 7 scrolls of enchant weapon
 p - 9 scrolls of magic mapping
 y - 14 scrolls of identify {@r1}
 A - 3 scrolls of summoning
 C - a scroll of brand weapon
 J - 4 scrolls of fog
 M - 4 scrolls of silence
 S - a scroll of fear
 V - a scroll of enchant armour
 W - 7 scrolls of teleportation {@r4}
Potions
 f - 10 potions of might
 h - 4 potions of invisibility
 j - 5 potions of lignification {!q}
 s - 7 potions of flight
 w - a potion of cancellation
 x - a potion of mutation {!q}
 E - 7 potions of ambrosia
 H - 6 potions of curing {@q1}
 O - a potion of agility
 Q - 5 potions of resistance
 T - 5 potions of brilliance
Books
 P - a manual of Bows {!d}
   (You found it in a bailey)
Miscellaneous
 U - a crystal ball of energy
   (You found it in a bailey)
Comestibles
 e - 73 rations {!d}


   Skills:
 + Level 13.7(12.5) Fighting
 + Level 13.7(12.5) Short Blades
 + Level 13.7(12.5) Long Blades
 + Level 13.7(12.5) Axes
 + Level 13.7(12.5) Maces & Flails
 + Level 13.7(12.5) Polearms
 + Level 13.7(12.5) Staves
 + Level 13.7(12.5) Slings
 + Level 16.6(15.3) Bows
 + Level 13.7(12.5) Crossbows
 + Level 13.7(12.5) Throwing
 + Level 13.7(12.5) Armour
 + Level 14.3(13.1) Dodging
 + Level 14.2(13.0) Stealth
 + Level 13.7(12.5) Shields
 + Level 13.7(12.5) Unarmed Combat
 + Level 14.4(13.2) Spellcasting
 + Level 11.8(10.6) Conjurations
 + Level 11.8(10.6) Hexes
 + Level 11.8(10.6) Charms
 + Level 13.4(12.2) Summonings
 + Level 11.8(10.6) Necromancy
 + Level 11.8(10.6) Translocations
 + Level 11.8(10.6) Transmutations
 + Level 11.8(10.6) Fire Magic
 + Level 11.8(10.6) Ice Magic
 + Level 11.8(10.6) Air Magic
 + Level 11.8(10.6) Earth Magic
 + Level 11.8(10.6) Poison Magic
 + Level 14.7(13.5) Invocations
 + Level 13.7(12.5) Evocations


You had 24 spell levels left.
You knew the following spells:

 Your Spells              Type           Power        Failure   Level  Hunger
a - Iron Shot             Conj/Erth      #######...   5%          6    None
b - Summon Mana Viper     Hex/Summ       #######.     1%          5    None
c - Summon Lightning Spi  Summ/Air       #######.     1%          4    None
q - Passage of Golubria   Tloc           N/A          1%          4    None
w - Apportation           Tloc           ######       1%          1    None
z - Borgnjor's Vile Clut  Necr/Erth      #######...   1%          5    None

Your spell library contained the following spells:

 Spells                   Type           Power        Failure   Level  Hunger
 Animate Skeleton         Necr           N/A          1%          1    None
 Beastly Appendage        Tmut           ######       1%          1    None
 Confusing Touch          Hex            ######       1%          1    None
 Corona                   Hex            #######      1%          1    None
 Magic Dart               Conj           ####         1%          1    None
 Shock                    Conj/Air       ####         1%          1    None
 Summon Butterflies       Summ           #######.     1%          1    None
 Summon Small Mammal      Summ           ####         1%          1    None
 Blink                    Tloc           N/A          1%          2    None
 Call Imp                 Summ           #######.     1%          2    None
 Ensorcelled Hibernation  Hex/Ice        ######       1%          2    None
 Searing Ray              Conj           ######       1%          2    None
 Shroud of Golubria       Chrm/Tloc      ######       1%          2    None
 Slow                     Hex            #######.     1%          2    None
 Song of Slaying          Chrm           #######.     1%          2    None
 Sticks to Snakes         Tmut           #######.     1%          2    None
 Swiftness                Chrm/Air       #######.     1%          2    None
 Call Canine Familiar     Summ           #######.     1%          3    None
 Confuse                  Hex            #######.     1%          3    None
 Conjure Flame            Conj/Fire      #######.     1%          3    None
 Dazzling Spray           Conj/Hex       ######       1%          3    None
 Gell's Gravitas          Tloc           #######...   1%          3    None
 Lesser Beckoning         Tloc           #######...   1%          3    None
 Mephitic Cloud           Conj/Pois/Air  #######.     1%          3    None
 Ozocubu's Armour         Chrm/Ice       #######.     1%          3    None
 Recall                   Summ/Tloc      N/A          1%          3    None
 Spider Form              Tmut/Pois      #######...   1%          3    None
 Static Discharge         Conj/Air       #######.     1%          3    None
 Summon Guardian Golem    Hex/Summ       #######.     1%          3    None
 Teleport Other           Tloc           #######.     1%          3    None
 Tukima's Dance           Hex            #######.     1%          3    None
 Airstrike                Air            #######...   1%          4    None
 Animate Dead             Necr           N/A          1%          4    None
 Force Lance              Conj/Tloc      #######.     1%          4    None
 Fulminant Prism          Conj/Hex       #######...   1%          4    None
 Ice Form                 Ice/Tmut       #######.     1%          4    None
 Iskenderun's Mystic Bla  Conj           #######.     1%          4    None
 Leda's Liquefaction      Hex/Erth       #######...   1%          4    None
 Petrify                  Tmut/Erth      #######.     1%          4    None
 Summon Ice Beast         Ice/Summ       #######.     1%          4    None
 Blade Hands              Tmut           #######...   1%          5    None
 Bolt of Magma            Conj/Fire/Erth #######...   1%          5    None
 Lightning Bolt           Conj/Air       #######...   1%          5    None
 Metabolic Englaciation   Hex/Ice        #######...   1%          5    None
 Silence                  Hex/Air        #######...   1%          5    None
 Yara's Violent Unravell  Hex/Tmut       #######...   1%          5    None
 Shadow Creatures         Summ           N/A          2%          6    None
 Darkness                 Hex            #######...   5%          6    None
 Death Channel            Necr           #######...   5%          6    None
 Dispersal                Tloc           #######...   5%          6    None
 Hydra Form               Tmut           #######...   5%          6    None
 Simulacrum               Ice/Necr       #######...   5%          6    None
 Statue Form              Tmut/Erth      #######..    5%          6    None
 Summon Hydra             Summ           #######...   16%         7    ###....
 Disjunction              Tloc           #######...   93%         8    #####..
 Shatter                  Erth           #######...   100%        9    ######.


Dungeon Overview and Level Annotations

Branches:
Dungeon (15/15)            Temple (1/1) D:5            Lair (6/6) D:11
  Swamp (4/4) Lair:2       Spider (4/4) Lair:3        Slime (0/5) Lair:5
    Orc (2/2) D:9             Elf (0/3) Orc:2        Vaults (4/5) D:13
  Crypt (0/3) Vaults:3     Depths (1/5) D:15

Altars:
Ashenzari
Cheibriados
Dithmenos
Elyvilon
Fedhas
Gozag
Hepliaklqana
Kikubaaqudgha
Makhleb
Nemelex Xobeh
Okawaru
Qazlal
Ru
Sif Muna
Trog
Uskayaw
Vehumet
Wu Jian
Xom
Yredelemnul
Zin
The Shining One
Beogh
Jiyva

Shops:
D:6 [*[(*   D:9 *   Orc:2 *[(*   Vaults:1 :   Vaults:3 *

Annotations:
Spider:1 2 transporters


Innate Abilities, Weirdness & Mutations

Your experience applies equally to all skills.
You have very sharp teeth.
Your uncanny sense of smell can sniff out nearby items.
You are partially covered in rugged brown scales. (AC +1, +3% HP)
You are clumsy. (Dex -2)


Message History

Deactivating autopickup; reactivate with Ctrl-A.
Something hits you.
* * * LOW HITPOINT WARNING * * *
The ancient lich completely misses you. Something hits you!
* * * LOW HITPOINT WARNING * * *
The ancient lich touches you but does no damage.
Your mana viper bites something.
A two-headed ogre comes into view.
It is wielding a +0 giant club and a -2 giant spiked club.
A yaktaur comes into view.
The ancient lich touches you!
* * * LOW HITPOINT WARNING * * *
You feel drained.
* * * LOW HITPOINT WARNING * * *
You can move again.
Aim: an ancient lich (heavily damaged, fast) Decaying hands burst forth from the earth!
Zombie hands grab the ancient lich.
The zombie hands constrict the ancient lich.
Your mana viper barely misses something.
A yaktaur comes into view.
You block the ancient lich's attack. You block something's attack.
Your mana viper bites something!
You feel better.
The zombie hands constrict the ancient lich!
The ancient lich touches you but does no damage.
A yaktaur comes into view.
Your mana viper barely misses something.
You block something's attack. The ancient lich casts a spell at you.
You suddenly lose the ability to move!
The zombie hands constrict the ancient lich!
Your mana viper barely misses something.
Something hits you!
* * * LOW HITPOINT WARNING * * *
The ancient lich touches you but does no damage.
Your mana viper bites something!!
The zombie hands constrict the ancient lich.
The ancient lich touches you but does no damage.
Something hits you!
* * * LOW HITPOINT WARNING * * *
Your mana viper bites something.
The ancient lich touches you but does no damage.
The zombie hands constrict the ancient lich!!
The yaktaur shouts!
You hear a shout! x2
Something hits you but does no damage.
Your mana viper closely misses something.
The ancient lich conjures an orb of pure magic.
The wavering orb of destruction weakly hits you!!!
You die...

∆ #.# #.. ##### #.## #..
. ...##...######..# #..
.. ...'............# #..
......####.#######.####..
(... #.# #....... .....
#.# ###.###...
###.cc####{### #...# ##..
≈##.cOOL@S...###.### #..
###...##..>......# #(.
..... #.###.###.# #).
'### #.###.###.## #.(
#..........## ##..
...##.....).# #.))
#.#########.# #... #.#
#######'###...
#.............


You could see an ancient lich, a two-headed ogre, 3 yaktaurs, an ogre and a
friendly mana viper.

Vanquished Creatures
  A tentacled monstrosity (Vaults:2)
  A titan (Vaults:2)
  A thorn hunter (Swamp:1)
  Donald (Vaults:1)
  A sphinx (Vaults:4)
  A storm dragon (Vaults:3)
  2 tengu reavers
  A revenant (Vaults:3)
  2 nagarajas (Vaults:2)
  4 frost giants
  4 ghost moths
  11 vault wardens
  A fire giant (Vaults:2)
  A deep elf sorcerer (Vaults:2)
  An orc warlord (Vaults:3)
  10 ironheart preservers
  4 very ugly things (Vaults:1)
  A vampire knight (Depths:1)
  2 entropy weavers
  A deep elf demonologist (Vaults:3)
  12 stone giants
  A green draconian (Vaults:3)
  2 deep elf annihilators (Vaults:2)
  A spark wasp (Spider:4)
  A merfolk javelineer (Depths:1)
  7 ettins
  4 fire dragons
  A deep elf high priest (Vaults:3)
  Erolcha (D:9)
  9 vault guards
  A great orb of eyes (Depths:1)
  3 ice dragons
  2 yaktaur captains
  A death knight (D:12)
  8 ogre magi
  14 hydras
  6 centaur warriors
  9 alligators
  2 catoblepae (Vaults:3)
  A death yak (Lair:2)
  21 two-headed ogres
  An orc high priest (Orc:2)
  A tengu warrior (Depths:1)
  A vampire mage (Depths:1)
  A deep troll shaman (Vaults:4)
  A deep elf knight (Vaults:1)
  A death drake (shapeshifter) (Vaults:2)
  5 skeletal warriors
  2 wizards
  9 deep trolls
  A deep troll (shapeshifter) (Vaults:3)
  7 swamp dragons
  2 flayed ghosts
  3 deep elf archers
  6 orc knights
  2 harpies (Vaults:4)
  12 ironbrand convokers
  A phantasmal warrior (Vaults:3)
  A harpy (shapeshifter) (Vaults:2)
  3 necromancers (Vaults:1)
  45 deep elf magi
  2 orb spiders (Spider:4)
  14 wolf spiders
  2 orc sorcerers
  12 ugly things
  3 cyclopes
  33 slime creatures
  3 elephants
  5 black mambas
  5 vault sentinels
  2 gargoyles
  A guardian serpent (Lair:6)
  3 centaur zombies
  A torpor snail (Spider:2)
  An ice statue (Gauntlet)
  14 spiny frogs
  2 centaur skeletons
  6 komodo dragons
  4 freezing wraiths
  A yaktaur (shapeshifter) (Depths:1)
  A tengu conjurer (D:14)
  13 yaktaurs
  A harpy zombie (Gauntlet)
  An efreet (D:13)
  3 demonic crawlers
  13 jumping spiders
  A polar bear (shapeshifter) (Vaults:4)
  A queen bee (D:9)
  2 tyrant leeches
  3 polar bears (Lair:6)
  3 blink frogs
  4 trolls
  11 hornets
  4 bog bodies
  A snapping turtle (shapeshifter) (Vaults:3)
  2 raiju (Lair:6)
  2 hippogriffs
  A spriggan (shapeshifter) (Vaults:4)
  2 shadows
  A spriggan (Swamp:2)
  Eustachio (D:4)
  A wraith (Vaults:1)
  28 redbacks
  A tarantella (shapeshifter) (Depths:1)
  2 fire elementals (Orc:2)
  14 tarantellas
  9 yaks
  A human (shapeshifter) (Vaults:2)
  7 wyverns
  2 water elementals
  A golden eye (shapeshifter) (Vaults:2)
  A hungry ghost (D:11)
  A yaktaur simulacrum (Vaults:3)
  7 vampire mosquitoes
  3 insubstantial wisps (Swamp:1)
  3 wargs
  A deep troll zombie (Vaults:1)
  3 soldier ants (Spider:1)
  9 swamp worms
  10 water moccasins
  8 hell hounds
  An acid dragon (D:14)
  2 floating eyes
  5 porcupines
  A human zombie (Vaults:1)
  2 ice beasts
  Purgy (Sewer)
  3 black bears
  18 orc warriors
  A swamp drake (Swamp:4)
  An ettin simulacrum (Vaults:1)
  2 phantoms
  2 eyes of draining
  4 wolves (Lair:6)
  A necrophage (D:8)
  28 ogres
  10 boggarts
  4 crocodiles
  3 centaurs
  A big kobold (D:9)
  17 bullfrogs
  A water moccasin zombie (D:9)
  5 scorpions
  4 killer bees (D:9)
  9 wights
  2 howler monkeys (D:5)
  2 electric eels
  3 vampire bats (Lair:4)
  5 crimson imps
  A human simulacrum (Vaults:2)
  6 orc priests
  6 hounds
  3 jellies
  2 bullfrog skeletons
  3 iguanas
  6 orc wizards
  9 worker ants
  A hound zombie (D:8)
  A hound skeleton (D:9)
  7 gnolls
  2 howler monkey skeletons
  10 adders
  A river rat (D:6)
  2 shadow imps
  An ooze (D:3)
  An adder zombie (D:6)
  A worm (D:6)
  3 adder skeletons
  8 leopard geckos
  39 orcs
  5 giant cockroaches
  17 goblins
  8 hobgoblins
  7 jackals
  8 kobolds
  A quokka (D:4)
  4 bats
  5 frilled lizards
  5 rats
  A bush (D:6)
872 creatures vanquished.

Vanquished Creatures (collateral kills)
  Saint Roka (Orc:2)
  Xtahua (Vaults:3)
  Rupert (Orc:2)
  A sphinx (Vaults:3)
  Gastronok (Lair:2)
  A tengu reaver (Vaults:3)
  A fire giant (Vaults:3)
  A vault warden (Vaults:2)
  Aizul (Spider:4)
  8 emperor scorpions
  Louise (Swamp:1)
  A balrug (Gauntlet)
  3 ironheart preservers
  A stone giant (Vaults:3)
  2 vampire knights (Vaults:3)
  4 entropy weavers
  A minotaur (Gauntlet)
  A deep elf annihilator (Depths:1)
  A spark wasp (Spider:2)
  Azrael (Orc:2)
  2 ettins (Vaults:3)
  An eidolon (Vaults:3)
  A crystal guardian (Vaults:3)
  2 fire dragons
  2 ice dragons
  4 hydras
  A great orb of eyes (Depths:1)
  A ghost crab (Swamp:3)
  3 vault guards (Vaults:3)
  2 shambling mangroves (Swamp:4)
  6 alligators
  An anaconda (shapeshifter) (D:14)
  A centaur warrior (D:14)
  Erica (Lair:2)
  A queen ant (Spider:1)
  4 ogre magi
  The ghost of hitsuchi the Blocker, a journeyman OpFi of Gozag (D:10)
  9 two-headed ogres
  A dancing weapon (Vaults:4)
  A tengu warrior (D:14)
  4 death yaks (Lair:2)
  Urug (Orc:2)
  A spriggan berserker (Swamp:4)
  2 skeletal warriors (Vaults:1)
  2 unseen horrors
  3 spriggan druids
  A death drake (Gauntlet)
  2 deep trolls
  6 swamp dragons
  An ironbrand convoker (Vaults:3)
  A harpy (Vaults:4)
  A phantasmal warrior (Vaults:3)
  13 wolf spiders
  3 orc knights
  12 orb spiders
  5 ugly things
  3 wizards
  4 deep elf magi (Depths:1)
  3 orc sorcerers
  5 cyclopes
  3 manticores
  Maurice (Orc:1)
  A spectral centaur (Gauntlet)
  A centaur zombie (D:11)
  A stone giant skeleton (Vaults:1)
  4 elephants
  Joseph (D:7)
  3 black mambas
  Psyche (D:8)
  A torpor snail (Lair:3)
  4 vault sentinels
  12 spiny frogs
  3 rime drakes
  4 freezing wraiths
  3 komodo dragons
  A yaktaur (Vaults:2)
  2 efreet
  6 demonic crawlers
  A human skeleton (Vaults:1)
  A jumping spider (shapeshifter) (Vaults:1)
  The ghost of forest the Covert, a novice SpAs (D:5)
  8 trolls
  13 jumping spiders
  6 polar bears (Lair:6)
  Prince Ribbit (D:8)
  20 slime creatures
  8 tyrant leeches
  Grinder (D:6)
  7 bog bodies
  11 hornets
  2 dream sheep (Lair:3)
  A human simulacrum (Vaults:1)
  4 hippogriffs
  5 blink frogs
  A vampire (D:12)
  A shadow (Swamp:3)
  16 yaks
  27 redbacks
  6 spriggans
  12 tarantellas
  9 wyverns
  3 basilisks
  6 vampire mosquitoes
  A hungry ghost (D:11)
  21 soldier ants (Spider:1)
  7 wargs
  2 acid dragons (D:12)
  5 swamp worms
  14 hell hounds
  3 sky beasts
  7 water moccasins
  28 orc warriors
  2 swamp drakes (Swamp:4)
  2 porcupines
  12 black bears
  8 ice beasts
  An orc zombie (Vaults:1)
  24 ogres
  A phantom (D:7)
  2 boggarts
  9 wolves (Lair:6)
  4 centaurs
  4 crocodiles
  3 big kobolds
  5 bullfrogs
  A scorpion (D:9)
  24 killer bees
  12 wights
  An electric eel (D:15)
  3 crimson imps
  3 jellies
  10 orc priests
  A gnoll shaman (Orc:1)
  Crazy Yiuf (D:6)
  2 bullfrog skeletons
  2 centaur skeletons
  16 orc wizards
  19 worker ants
  A hound skeleton (D:7)
  Robin (D:4)
  15 gnolls
  4 adders
  2 worms (Lair:3)
  A dart slug (D:2)
  An adder simulacrum (D:7)
  58 orcs
  22 goblins
  24 hobgoblins
  A jackal (D:2)
  13 kobolds
  3 quokkas
  8 bats
  A frilled lizard (D:2)
  A jackal zombie (D:5)
  A leopard gecko zombie (D:6)
  2 rats
  A fungus (D:11)
  6 plants
800 creatures vanquished.

Vanquished Creatures (others)
  An orc warlord (Bailey)
  2 yaktaur captains
  A spriggan (Swamp:4)
  A shadow wraith (Vaults:3)
  A deep elf mage (Depths:1)
  A cyclops (D:15)
  2 yaktaurs (Vaults:1)
  2 hornets
  A frost giant simulacrum (Vaults:2)
  A water elemental (D:15)
  An ogre (Vaults:2)
  A centaur (D:15)
  An orc (Orc:2)
  17 demonic plants (Gauntlet)
  30 fungi
  65 plants
128 creatures vanquished.

Grand Total: 1800 creatures vanquished

Notes
Turn   | Place    | Note
-------+----------+-------------------------------------------
     0 | D:1      | vurker the Gnoll Summoner began the quest for the Orb.
     0 | D:1      | Reached XP level 1. HP: 13/13 MP: 6/6
   970 | D:1      | Reached XP level 2. HP: 19/19 MP: 7/7
  1394 | D:2      | Reached skill level 5 in Spellcasting
  1394 | D:2      | Reached XP level 3. HP: 20/25 MP: 4/9
  1888 | D:2      | Reached skill level 1 in Invocations
  2328 | D:2      | Learned a level 2 spell: Call Imp
  2363 | D:3      | Reached skill level 1 in Fighting
  2363 | D:3      | Reached skill level 1 in Short Blades
  2363 | D:3      | Reached skill level 1 in Long Blades
  2363 | D:3      | Reached skill level 1 in Axes
  2363 | D:3      | Reached skill level 1 in Maces & Flails
  2363 | D:3      | Reached skill level 1 in Polearms
  2363 | D:3      | Reached skill level 1 in Staves
  2363 | D:3      | Reached skill level 1 in Slings
  2363 | D:3      | Reached skill level 1 in Bows
  2363 | D:3      | Reached skill level 1 in Crossbows
  2363 | D:3      | Reached skill level 1 in Throwing
  2363 | D:3      | Reached skill level 1 in Armour
  2363 | D:3      | Reached skill level 1 in Shields
  2363 | D:3      | Reached skill level 1 in Unarmed Combat
  2363 | D:3      | Reached skill level 1 in Evocations
  2519 | D:3      | Reached XP level 4. HP: 32/32 MP: 2/11
  2830 | D:3      | Reached skill level 1 in Conjurations
  2830 | D:3      | Reached skill level 1 in Hexes
  2830 | D:3      | Reached skill level 1 in Charms
  2830 | D:3      | Reached skill level 1 in Necromancy
  2830 | D:3      | Reached skill level 1 in Translocations
  2830 | D:3      | Reached skill level 1 in Transmutations
  2830 | D:3      | Reached skill level 1 in Fire Magic
  2830 | D:3      | Reached skill level 1 in Ice Magic
  2830 | D:3      | Reached skill level 1 in Air Magic
  2830 | D:3      | Reached skill level 1 in Earth Magic
  2830 | D:3      | Reached skill level 1 in Poison Magic
  2899 | D:4      | Learned a level 4 spell: Summon Ice Beast
  2904 | D:4      | Learned a level 4 spell: Summon Lightning Spire
  2908 | D:4      | Learned a level 3 spell: Call Canine Familiar
  3083 | D:4      | Reached XP level 5. HP: 29/37 MP: 7/12
  3235 | D:4      | Noticed Robin
  3263 | D:4      | Killed Robin
  3719 | D:4      | Noticed Eustachio
  3728 | D:4      | Killed Eustachio
  3728 | D:4      | Reached XP level 6. HP: 44/44 MP: 10/14
  4184 | D:5      | Entered Level 5 of the Dungeon
  4235 | D:5      | Reached skill level 2 in Bows
  4235 | D:5      | Reached skill level 5 in Dodging
  4396 | D:5      | Noticed a phantom
  4423 | D:5      | Killed a phantom
  4423 | D:5      | Reached XP level 7. HP: 25/50 MP: 9/15
  4675 | D:5      | Found a staircase to the Ecumenical Temple.
  4688 | D:5      | Noticed forest's ghost (novice SpAs)
  4707 | Temple   | Entered the Ecumenical Temple
  4755 | Temple   | Became a worshipper of Cheibriados the Contemplative
  4981 | D:5      | Found a runed translucent gate.
  4982 | D:5      | Found a runed translucent gate.
  4991 | D:5      | Found a runed translucent gate.
  5279 | D:5      | Reached skill level 5 in Stealth
  5282 | D:5      | Killed forest's ghost
  5288 | D:5      | Reached XP level 8. HP: 56/57 MP: 1/16
  5484 | D:6      | Found Oceur's Armour Boutique.
  5507 | D:6      | Found Zibbir's Antique Armour Shoppe.
  5665 | D:6      | Reached * piety under Cheibriados
  5683 | D:6      | Reached skill level 3 in Bows
  5707 | D:6      | Found a glowing drain.
  5721 | Sewer    | Entered a sewer
  5838 | Sewer    | Noticed Purgy
  5845 | Sewer    | Killed Purgy
  6175 | D:6      | Bought a +2 helmet of intelligence for 258 gold pieces
  6185 | D:6      | Found Usmeh's General Store.
  6399 | D:6      | Found Mask's Assorted Antiques.
  6453 | D:6      | Noticed Grinder
  6470 | D:6      | Killed Grinder
  6592 | D:6      | Found an ancient bone altar of Kikubaaqudgha.
  6607 | D:6      | Found Exzam's Weapon Emporium.
  6744 | D:6      | Reached ** piety under Cheibriados
  6923 | D:6      | Found a runed translucent door.
  6924 | D:6      | Noticed Crazy Yiuf
  6936 | D:6      | Killed Crazy Yiuf
  7090 | D:7      | Reached XP level 9. HP: 50/65 MP: 14/18
  7406 | D:7      | Reached skill level 4 in Bows
  7564 | D:7      | Found a burning altar of Makhleb.
  7648 | D:7      | Noticed a troll
  7658 | D:7      | Killed a troll
  7819 | D:7      | Reached *** piety under Cheibriados
  7855 | D:7      | Got a warped leather armour
  7860 | D:7      | Got a faintly humming plate armour
  7886 | D:7      | Identified the +1 leather armour "Reklisink" {rPois Int+3}
                  | (You found it on level 7 of the Dungeon)
  7896 | D:7      | Identified the +8 plate armour of Nemelex Xobeh's Anger
                  | {-Cast *Contam rPois Int+9} (You found it on level 7 of the
                  | Dungeon)
  7905 | D:7      | Gained mutation: You are frail. (-10% HP) [mutagenic glow]
  7983 | D:7      | Noticed Joseph
  7989 | D:7      | Killed Joseph
  8086 | D:7      | Reached skill level 5 in Invocations
  8845 | D:8      | Noticed Psyche
  8851 | D:8      | Killed Psyche
  8851 | D:8      | Reached XP level 10. HP: 65/65 MP: 8/20
  9305 | D:8      | Noticed Prince Ribbit
  9313 | D:8      | Killed Prince Ribbit
 10109 | D:9      | Reached skill level 5 in Fighting
 10109 | D:9      | Reached skill level 5 in Short Blades
 10109 | D:9      | Reached skill level 5 in Long Blades
 10109 | D:9      | Reached skill level 5 in Axes
 10109 | D:9      | Reached skill level 5 in Maces & Flails
 10109 | D:9      | Reached skill level 5 in Polearms
 10109 | D:9      | Reached skill level 5 in Staves
 10109 | D:9      | Reached skill level 5 in Slings
 10109 | D:9      | Reached skill level 5 in Bows
 10109 | D:9      | Reached skill level 5 in Crossbows
 10109 | D:9      | Reached skill level 5 in Throwing
 10109 | D:9      | Reached skill level 5 in Armour
 10109 | D:9      | Reached skill level 5 in Shields
 10109 | D:9      | Reached skill level 5 in Unarmed Combat
 10109 | D:9      | Reached skill level 5 in Evocations
 10477 | D:9      | Reached **** piety under Cheibriados
 10526 | D:9      | Found a staircase to the Orcish Mines.
 10692 | D:9      | Noticed Erolcha
 10712 | D:9      | Killed Erolcha
 10736 | D:9      | Found Hittoamut's General Store.
 11230 | D:9      | Reached ***** piety under Cheibriados
 11411 | D:10     | Entered Level 10 of the Dungeon
 11550 | D:10     | Reached XP level 11. HP: 72/72 MP: 22/22
 11563 | D:10     | Noticed hitsuchi's ghost (journeyman OpFi)
 11568 | D:10     | Killed an unseen horror
 11879 | D:10     | Found a transporter.
 11883 | D:10     | Found a transporter.
 12131 | D:10     | Killed hitsuchi's ghost
 12228 | D:11     | Reached skill level 6 in Bows
 12236 | D:11     | Reached skill level 5 in Conjurations
 12236 | D:11     | Reached skill level 5 in Hexes
 12236 | D:11     | Reached skill level 5 in Charms
 12236 | D:11     | Reached skill level 5 in Necromancy
 12236 | D:11     | Reached skill level 5 in Translocations
 12236 | D:11     | Reached skill level 5 in Transmutations
 12236 | D:11     | Reached skill level 5 in Fire Magic
 12236 | D:11     | Reached skill level 5 in Ice Magic
 12236 | D:11     | Reached skill level 5 in Air Magic
 12236 | D:11     | Reached skill level 5 in Earth Magic
 12236 | D:11     | Reached skill level 5 in Poison Magic
 12447 | D:11     | Found a staircase to the Lair.
 12447 | D:11     | Reached ****** piety under Cheibriados
 13323 | D:11     | Identified a scroll of acquirement
 13336 | D:11     | Lost mutation: You are frail. (-10% HP) [potion of
                  | mutation]
 13336 | D:11     | Gained mutation: Your magical capacity is low. (-10% MP)
                  | [potion of mutation]
 13336 | D:11     | Gained mutation: You have sharp toenails. [potion of
                  | mutation]
 13337 | D:11     | Lost mutation: You have sharp toenails. [potion of
                  | mutation]
 13337 | D:11     | Lost mutation: Your magical capacity is low. (-10% MP)
                  | [potion of mutation]
 13337 | D:11     | Gained mutation: You are clumsy. (Dex -2) [potion of
                  | mutation]
 13337 | D:11     | Gained mutation: Your system is resistant to poisons.
                  | (rPois) [potion of mutation]
 13338 | D:11     | Lost mutation: You are clumsy. (Dex -2) [potion of
                  | mutation]
 13338 | D:11     | Lost mutation: Your system is resistant to poisons. (rPois)
                  | [potion of mutation]
 13338 | D:11     | Gained mutation: Your spells are a little easier to cast,
                  | but a little less powerful. [potion of mutation]
 13338 | D:11     | Gained mutation: You have a pair of small antennae on your
                  | head. [potion of mutation]
 13339 | D:11     | Lost mutation: You have a pair of small antennae on your
                  | head. [potion of mutation]
 13339 | D:11     | Lost mutation: Your spells are a little easier to cast, but
                  | a little less powerful. [potion of mutation]
 13339 | D:11     | Gained mutation: You expend magic power (3 MP) to
                  | strengthen your wands. [potion of mutation]
 13339 | D:11     | Gained mutation: You are weak. (Str -2) [potion of
                  | mutation]
 13339 | D:11     | Lost mutation: You are weak. (Str -2) [potion of mutation]
 13340 | D:11     | Lost mutation: You expend magic power (3 MP) to strengthen
                  | your wands. [potion of mutation]
 13340 | D:11     | Gained mutation: You are robust. (+10% HP) [potion of
                  | mutation]
 13340 | D:11     | Gained mutation: You are agile. (Dex +2) [potion of
                  | mutation]
 13341 | D:11     | Lost mutation: You are robust. (+10% HP) [potion of
                  | mutation]
 13341 | D:11     | Lost mutation: You are agile. (Dex +2) [potion of mutation]
 13341 | D:11     | Gained mutation: You are clumsy. (Dex -2) [potion of
                  | mutation]
 13341 | D:11     | Gained mutation: You are partially covered in rugged brown
                  | scales. (AC +1, +3% HP) [potion of mutation]
 13343 | Lair:1   | Entered Level 1 of the Lair of Beasts
 14499 | Lair:2   | Found a staircase to the Swamp.
 14569 | Lair:2   | Noticed Erica
 14578 | Lair:2   | Killed Erica
 14992 | Lair:2   | Identified the Tome of Orientation and Transformation (You
                  | acquired it on level 2 of the Lair of Beasts)
 15002 | Lair:2   | Learned a level 5 spell: Lightning Bolt
 15010 | Lair:2   | Noticed a death yak
 15012 | Lair:2   | Noticed a death yak
 15012 | Lair:2   | Noticed a death yak
 15012 | Lair:2   | Noticed a death yak
 15012 | Lair:2   | Noticed a death yak
 15031 | Lair:2   | Killed a death yak
 15034 | Lair:2   | Killed a death yak
 15035 | Lair:2   | Killed a death yak
 15051 | Lair:2   | Killed a death yak
 15051 | Lair:2   | Reached XP level 12. HP: 32/91 MP: 3/24
 15062 | Lair:2   | Killed a death yak
 15363 | Lair:2   | Noticed Gastronok
 15384 | Lair:2   | Killed Gastronok
 15502 | Lair:2   | Reached skill level 7 in Bows
 15955 | Lair:3   | Found a hole to the Spider Nest.
 16321 | Lair:2   | Learned a level 1 spell: Apportation
 18117 | Lair:5   | Found a staircase to the Slime Pits.
 18711 | Lair:5   | Found a viscous altar of Jiyva.
 18790 | Lair:6   | Entered Level 6 of the Lair of Beasts
 19190 | Lair:6   | Reached XP level 13. HP: 100/100 MP: 26/26
 19540 | Lair:6   | Reached skill level 8 in Bows
 20751 | Lair:6   | Reached skill level 10 in Summonings
 22001 | Lair:6   | Reached skill level 10 in Spellcasting
 22979 | D:11     | Reached XP level 14. HP: 109/109 MP: 16/28
 24485 | D:13     | Found a gate to the Vaults.
 24541 | D:13     | Reached skill level 10 in Dodging
 24583 | D:13     | Found a gate leading to a gauntlet.
 24592 | Gauntlet | Entered a Gauntlet
 24592 | Gauntlet | Found a transporter.
 24592 | Gauntlet | Found a transporter.
 24620 | Gauntlet | Found a transporter.
 24635 | Gauntlet | Found a transporter.
 24637 | Gauntlet | Found a large runed translucent door.
 24637 | Gauntlet | Found a large runed translucent door.
 24638 | Gauntlet | Found a large runed translucent door.
 24638 | Gauntlet | Found a large runed translucent door.
 24639 | Gauntlet | Found a runed translucent door.
 24639 | Gauntlet | Found a large runed translucent door.
 24639 | Gauntlet | Found a large runed translucent door.
 24639 | Gauntlet | Found a runed translucent door.
 24639 | Gauntlet | Found a large runed translucent door.
 24639 | Gauntlet | Found a large runed translucent door.
 24642 | Gauntlet | Found a large runed translucent door.
 24642 | Gauntlet | Found a large runed translucent door.
 24643 | Gauntlet | Found a large runed translucent door.
 24643 | Gauntlet | Found a large runed translucent door.
 24645 | Gauntlet | Found a large runed translucent door.
 24645 | Gauntlet | Found a large runed translucent door.
 24645 | Gauntlet | Found a large runed translucent door.
 24647 | Gauntlet | Found a runed translucent gate.
 24647 | Gauntlet | Found a runed translucent gate.
 24647 | Gauntlet | Found a runed translucent gate.
 24648 | Gauntlet | Noticed a balrug
 24649 | Gauntlet | Found a transporter.
 24660 | Gauntlet | Found a large runed translucent door.
 24662 | Gauntlet | Found a transporter.
 24679 | Gauntlet | Found a transporter.
 24745 | Gauntlet | Found a transporter.
 24760 | Gauntlet | Found a transporter.
 24781 | Gauntlet | Found a transporter.
 24790 | Gauntlet | Found a transporter.
 24810 | Gauntlet | Found a transporter.
 24877 | Gauntlet | Found a transporter.
 24887 | Gauntlet | Found a transporter.
 24921 | Gauntlet | Found a transporter.
 24931 | Gauntlet | Found a transporter.
 25081 | Gauntlet | Killed a balrug
 25086 | Gauntlet | Got a transparent hat
 25159 | Gauntlet | Identified the +1 hat "Hijo" {Dex+2 Stlth+} (You found it
                  | in a Gauntlet)
 25459 | Gauntlet | Got a heavily runed copper amulet
 25505 | Gauntlet | Reached skill level 9 in Bows
 25773 | Gauntlet | Identified Sif Muna's Tome of Spatial Protection
 26187 | D:13     | You fall into a shaft and drop 1 floor!
 26256 | D:14     | Reached skill level 10 in Stealth
 27277 | D:14     | Reached skill level 10 in Invocations
 27718 | D:15     | Entered Level 15 of the Dungeon
 27827 | D:15     | Learned a level 5 spell: Summon Mana Viper
 28553 | D:15     | Found a staircase to the Depths.
 29225 | D:9      | Identified the amulet "Duc Bederai" {+Rage +Inv rC+ rN+}
                  | (You found it in a Gauntlet)
 29230 | Orc:1    | Entered Level 1 of the Orcish Mines
 29304 | Orc:1    | Found an iron altar of Okawaru.
 29527 | Orc:1    | Found a flagged portal.
 29533 | Bailey   | Entered a bailey
 29984 | Bailey   | Noticed an orc warlord
 30021 | Bailey   | Killed an orc warlord
 30237 | Orc:2    | Entered Level 2 of the Orcish Mines
 30259 | Orc:2    | Noticed Saint Roka
 30270 | Orc:1    | Paralysed by an orc sorcerer for 5 turns
 31113 | Orc:2    | Killed Saint Roka
 31113 | Orc:2    | Reached XP level 15. HP: 64/117 MP: 29/29
 31604 | Orc:2    | Found Xeeckoep's General Store.
 31644 | Orc:2    | Reached skill level 10 in Bows
 32028 | Orc:2    | Found Nupsiss's Weapon Boutique.
 32031 | Orc:2    | Found Vumuesom's Armour Emporium.
 32101 | Orc:2    | Found Buofur's General Store.
 32140 | Orc:2    | Noticed Rupert
 32155 | Orc:2    | Killed Rupert
 32302 | Orc:2    | Noticed Azrael
 32331 | Orc:2    | Killed Azrael
 32667 | Orc:2    | Found a staircase to the Elven Halls.
 32667 | Orc:2    | Noticed Urug
 32673 | Orc:2    | Killed Urug
 32841 | Orc:1    | Noticed Maurice
 32853 | Orc:1    | Killed Maurice
 32914 | Orc:1    | Found a roughly hewn altar of Beogh.
 33026 | Orc:2    | Bought a scroll of identify for 30 gold pieces
 33038 | Orc:2    | Bought a potion of magic for 120 gold pieces
 33038 | Orc:2    | Bought a scroll of teleportation for 45 gold pieces
 33038 | Orc:2    | Bought a potion of mutation for 120 gold pieces
 33277 | Spider:1 | Entered Level 1 of the Spider Nest
 33281 | Spider:1 | Reached skill level 10 in Fighting
 33281 | Spider:1 | Reached skill level 10 in Short Blades
 33281 | Spider:1 | Reached skill level 10 in Long Blades
 33281 | Spider:1 | Reached skill level 10 in Axes
 33281 | Spider:1 | Reached skill level 10 in Maces & Flails
 33281 | Spider:1 | Reached skill level 10 in Polearms
 33281 | Spider:1 | Reached skill level 10 in Staves
 33281 | Spider:1 | Reached skill level 10 in Slings
 33281 | Spider:1 | Reached skill level 10 in Crossbows
 33281 | Spider:1 | Reached skill level 10 in Throwing
 33281 | Spider:1 | Reached skill level 10 in Armour
 33281 | Spider:1 | Reached skill level 10 in Shields
 33281 | Spider:1 | Reached skill level 10 in Unarmed Combat
 33281 | Spider:1 | Reached skill level 10 in Evocations
 33309 | Spider:1 | Found a transporter.
 34275 | Spider:1 | Found a transporter.
 35739 | Spider:2 | Noticed an emperor scorpion
 35760 | Spider:2 | Killed an emperor scorpion
 35902 | Spider:2 | Reached skill level 11 in Bows
 36290 | Spider:3 | Reached XP level 16. HP: 125/125 MP: 21/31
 37576 | Spider:4 | Entered Level 4 of the Spider Nest
 37905 | Spider:4 | HP: 5/126 [disintegration (46)]
 38241 | Spider:4 | Noticed Aizul
 38254 | Spider:4 | Killed Aizul
 38623 | Spider:4 | Got a gossamer rune of Zot
 39622 | Spider:4 | Reached skill level 12 in Bows
 40504 | Lair:2   | Reached XP level 17. HP: 134/134 MP: 31/33
 40505 | Lair:2   | Reached XP level 18. HP: 142/142 MP: 31/34
 40507 | Swamp:1  | Entered Level 1 of the Swamp
 40924 | Swamp:1  | Noticed Louise
 40939 | Swamp:1  | Killed Louise
 41178 | Swamp:1  | Learned a level 5 spell: Borgnjor's Vile Clutch
 41506 | Swamp:1  | Identified Jynix's Reference Book on Augmentations
 42294 | Swamp:2  | Reached XP level 19. HP: 148/148 MP: 26/35
 42948 | Swamp:3  | Reached skill level 13 in Bows
 43838 | Swamp:4  | Entered Level 4 of the Swamp
 44052 | Swamp:4  | HP: 4/148 [shambling mangrove (12)]
 44833 | Swamp:4  | Reached skill level 10 in Conjurations
 44833 | Swamp:4  | Reached skill level 10 in Hexes
 44833 | Swamp:4  | Reached skill level 10 in Charms
 44833 | Swamp:4  | Reached skill level 10 in Necromancy
 44833 | Swamp:4  | Reached skill level 10 in Translocations
 44833 | Swamp:4  | Reached skill level 10 in Transmutations
 44833 | Swamp:4  | Reached skill level 10 in Fire Magic
 44833 | Swamp:4  | Reached skill level 10 in Ice Magic
 44833 | Swamp:4  | Reached skill level 10 in Air Magic
 44833 | Swamp:4  | Reached skill level 10 in Earth Magic
 44833 | Swamp:4  | Reached skill level 10 in Poison Magic
 45199 | Swamp:4  | Got a decaying rune of Zot
 45921 | Orc:2    | Bought a +1 plate armour of fire resistance for 385 gold
                  | pieces
 46287 | Vaults:1 | Entered Level 1 of the Vaults
 46488 | Vaults:1 | Paralysed by an ogre mage for 2 turns
 48735 | Vaults:1 | Reached skill level 14 in Bows
 48737 | Vaults:1 | Noticed Donald
 48757 | Vaults:1 | Killed Donald
 49288 | Vaults:1 | Found Veiqas's Book Shoppe.
 49296 | Vaults:1 | Bought a book of the Earth for 910 gold pieces
 49303 | Vaults:1 | Learned a level 6 spell: Iron Shot
 50053 | Vaults:1 | Reached XP level 20. HP: 151/157 MP: 22/37
 50294 | Vaults:2 | Got a twisted robe
 50296 | Vaults:2 | Identified the +2 robe "Rumios" {Stlth+} (You found it on
                  | level 2 of the Vaults)
 50887 | Vaults:2 | You fall into a shaft and drop 2 floors!
 50897 | Vaults:4 | Got a translucent leather armour
 50969 | Vaults:4 | Found a flickering gateway to a bazaar.
 50978 | Bazaar   | Entered a bazaar
 50995 | Bazaar   | Found Rifeunae's Assorted Antiques.
 51010 | Bazaar   | Found Dicaliej's Gadget Emporium.
 51010 | Bazaar   | Found Faageug's Assorted Antiques.
 51031 | Bazaar   | Found Odghatz's Jewellery Emporium.
 51031 | Bazaar   | Found Naud's Weapon Shoppe.
 51052 | Bazaar   | Found Uruw's Gadget Emporium.
 51052 | Bazaar   | Found Nohaf's Food Shoppe.
 51129 | Bazaar   | Bought a faintly glowing war axe for 280 gold pieces
 51129 | Bazaar   | Bought a scroll of teleportation for 99 gold pieces
 51129 | Bazaar   | Identified the +2 war axe of Cataclysm {chop, Int+4} (You
                  | bought it in a shop in a bazaar)
 52832 | Vaults:3 | Found a staircase to the Crypt.
 54155 | Vaults:3 | Found Veown's Assorted Antiques.
 54245 | Vaults:3 | Noticed Xtahua
 54264 | Vaults:3 | Paralysed by Xtahua for 7 turns
 54266 | Vaults:3 | Killed Xtahua
 54387 | Vaults:3 | Bought a scroll of acquirement for 1768 gold pieces
 54387 | Vaults:3 | Bought a wand of paralysis (6) for 68 gold pieces
 54387 | Vaults:3 | Bought a wand of paralysis (9) for 68 gold pieces
 54387 | Vaults:3 | Bought a potion of curing for 102 gold pieces
 54727 | Vaults:3 | Reached skill level 15 in Bows
 55656 | Vaults:3 | Noticed a Brimstone Fiend
 56142 | Vaults:3 | Identified the cursed +0 fustibalus of Extermination
                  | {flame, +Inv}
 57064 | Vaults:3 | Reached XP level 21. HP: 165/165 MP: 38/38
 57142 | Vaults:3 | Found a staircase to the Crypt.
 57174 | Vaults:3 | Found Veown's Assorted Antiques.
 59001 | Vaults:2 | Identified the amulet "Tenoe" {Gourm rElec}
 59341 | Vaults:2 | Got an ichor-stained long sword
 59342 | Vaults:2 | Identified the +4 long sword "Cues" {holy, rElec Dex+4}
                  | (You found it on level 2 of the Vaults)
 59414 | Vaults:2 | Learned a level 4 spell: Passage of Golubria
 59678 | Vaults:2 | Reached skill level 16 in Bows
 60128 | Depths:1 | Entered Level 1 of the Depths
 61063 | Depths:1 | Reached XP level 22. HP: 163/175 MP: 40/40
 62003 | Depths:1 | Noticed an ancient lich
 62009 | Depths:1 | Paralysed by an ancient lich for 3 turns
 62013 | Depths:1 | Paralysed by an ancient lich for 5 turns
 62016 | Depths:1 | Blown up by an ancient lich

Levels and vault maps discovered:
D:1:      roderic_crop_circles_arrival_small, layout_loops_ring
D:2:      layout_rooms, minmay_pentomino_v4
D:3:      layout_rooms
D:4:      layout_loops_corners, hangedman_decor_push, uniq_robin, uniq_eustachio
D:5:      layout_loops_ring, minmay_temple_entry_mist, first_ration,
          gammafunk_ghost_nasty_kobolds
D:6:      layout_rooms, nicolae_overflow_crystal_walls, serial_shops,
          nicolae_shop_waterfront, shop, nicolae_shop_waterfront, shop_statue,
          nicolae_shop_trees, gup_sewer_entry_bubbles, minmay_crystal_room,
          uniq_grinder, uniq_crazy_yiuf_cottage
D:7:      minmay_the_grid_octo_tiled_octocenter
          [minmay_the_grid_octo_vomiting_pacman, minmay_the_grid_octo_toaster,
          minmay_the_grid_octo_teeth, minmay_the_grid_octo_checkered,
          minmay_the_grid_octo_prize_square_snowflake,
          minmay_the_grid_square_5x5_two_small, minmay_the_grid_square_5x5_c,
          minmay_the_grid_square_5x5_two, minmay_the_grid_square_5x5_shuriken],
          layout_gridville, uniq_joseph
D:8:      layout_layer_cave, uniq_psyche, uniq_prince_ribbit1
D:9:      layout_loops_corners, erik_orc_3, special_room [special_room_bee],
          serial_shops, shop, uniq_erolcha
D:10:     layout_small_grid, gammafunk_ghost_arena
D:11:     layout_basic, grunt_lair_entry_orc_guard_hut
D:12:     layout_small_grid
D:13:     layout_roguey, david_vaults_1, gauntlet_entry_generic, the_bakery
D:14:     cheibrodos_orc_bank, layout_basic,
          hangedman_abyss_or_decor_jellyfish_corner
D:15:     grunt_enter_depths_hoard, layout_rooms, serial_bayou,
          serial_bayou_shore_a, serial_bayou_shore_b, serial_bayou_lagoon_a,
          serial_bayou_shore_b, minmay_misc_feat_doors
Temple:   grunt_wide_crystal_templ
Lair:1:   layout_chaotic_city, infiniplex_staircase_pool_2
Lair:2:   layout_cave_pods, skrybe_swamp_entry_bodies, serial_bayou_pond_e,
          lemuel_fruit_tree, uniq_erica, uniq_gastronok
Lair:3:   layout_roguey, nicolae_spider_entry_non_spiders,
          chequers_serial_rivers_small_b
Lair:4:   layout_long_grid, roderic_batcave, grunt_megastairs_4,
          lemuel_fruit_fields
Lair:5:   layout_hall_layers, slime_altar_1
Lair:6:   hangedman_lair_caniforms_friends, layout_long_grid,
          hangedman_lair_tendril_chambers, grunt_megastairs_2,
          infiniplex_staircase_pool
Swamp:1:  layout_falls_marsh, nicolae_swamp_trees_clearing, swamp_pool1,
          uniq_louise
Swamp:2:  layout_basic_swamp, evilmike_swamp_ruin_house_5
Swamp:3:  layout_basic_swamp, nicolae_swamp_fairy_circle
Swamp:4:  swamp_basic_johnstein, layout_basic_swamp, swamp_pool5
Spider:1: gammafunk_its_a_trap, minivault_29
Spider:2: layout_spider_delve
Spider:3: layout_spider_delve
Spider:4: guppyfry_spider_rune, uniq_aizul
Orc:1:    layout_caves, basic_altar, enter_bailey_3, okawaru_metal_pillars_1_2,
          uniq_maurice
Orc:2:    st_orc_open, layout_caves, uniq_rupert, uniq_azrael, uniq_urug,
          uniq_saint_roka
Vaults:1: v_alt_pattern_5, nicolae_vaults_branching_niches, v_pattern_1,
          nicolae_vaults_rhombus_7, nicolae_vaults_shelves_hall,
          ontoclasm_vaults_eye, hangedman_vaults_stretched_pinwheel,
          nicolae_vaults_network_star, v_misc_11, nicolae_vaults_alarming,
          nicolae_vaults_little_squares_1, vaults_dpeg_spiral,
          layout_vaults_omnibox, serial_shops, shop, uniq_donald
Vaults:2: vaults_room_fancy_cross, ontoclasm_vaults_twist, vaults_dpeg_ring,
          v_misc_11, nicolae_vaults_little_squares_6, hangedman_vaults_stitches,
          v_misc_31, st_greater_box_1, v_misc_5, ontoclasm_vaults_pinch,
          vaults_mumra_hex, grunt_vaults_hallway_long, v_misc_26,
          layout_vaults_omnicross
Vaults:3: st_greater_box_4, hangedman_vaults_restitches,
          hangedman_vaults_river_flow, ontoclasm_vaults_ring_small,
          vaults_room_door_hall, nicolae_vaults_rhombus_5,
          nicolae_vaults_border_crossing, grunt_vaults_diagonal, v_pattern_3,
          nicolae_vaults_circle_grid_b, layout_vaults_chaotic_city,
          minmay_crypt_entry_simple_round, serial_shops,
          nicolae_shop_overgrown_old_shop, uniq_xtahua
Vaults:4: v_misc_29, hangedman_vaults_locks, ontoclasm_vaults_hangar,
          vaults_dpeg_encased_lava, v_misc_5, v_misc_16,
          nicolae_vaults_what_the_h, hangedman_vaults_cutoff,
          nicolae_vaults_gold_heap, ontoclasm_vaults_shuriken,
          ontoclasm_vaults_ring_small, hangedman_vaults_cutoff,
          layout_vaults_omnigrid, serial_shops, bzr_entry_lakeside
Depths:1: lemuel_castle_with_subvaults [lemuel_castle_interior_original],
          layout_gridlike, hangedman_coc_ice_floe, minmay_misc_feat_tiny,
          special_room [special_room_morgue], moated_statue, minislime_mu

Skill      XL: |  1  2  3  4  5  6  7  8  9 10 11 12 13 14 15 16 17 18 19 20 21 |
---------------+----------------------------------------------------------------+-----
Spellcasting   | 5 6 7 8 9 10 11 12 13 14 | 14.4
Invocations    | 1 2 3 4 5 6 7 8 9 10 11 12 13 14 | 14.7
Fighting       | 1 2 3 4 5 6 7 8 9 10 11 12 13 | 13.7
Short Blades   | 1 2 3 4 5 6 7 8 9 10 11 12 13 | 13.7
Long Blades    | 1 2 3 4 5 6 7 8 9 10 11 12 13 | 13.7
Axes           | 1 2 3 4 5 6 7 8 9 10 11 12 13 | 13.7
Maces & Flails | 1 2 3 4 5 6 7 8 9 10 11 12 13 | 13.7
Polearms       | 1 2 3 4 5 6 7 8 9 10 11 12 13 | 13.7
Staves         | 1 2 3 4 5 6 7 8 9 10 11 12 13 | 13.7
Slings         | 1 2 3 4 5 6 7 8 9 10 11 12 13 | 13.7
Bows           | 1 2 3 4 5 6 7 8 9 11 12 14 15 16 | 16.6
Crossbows      | 1 2 3 4 5 6 7 8 9 10 11 12 13 | 13.7
Throwing       | 1 2 3 4 5 6 7 8 9 10 11 12 13 | 13.7
Armour         | 1 2 3 4 5 6 7 8 9 10 11 12 13 | 13.7
Shields        | 1 2 3 4 5 6 7 8 9 10 11 12 13 | 13.7
Unarmed Combat | 1 2 3 4 5 6 7 8 9 10 11 12 13 | 13.7
Evocations     | 1 2 3 4 5 6 7 8 9 10 11 12 13 | 13.7
Conjurations   | 1 2 3 4 5 6 7 8 9 10 11 | 11.8
Hexes          | 1 2 3 4 5 6 7 8 9 10 11 | 11.8
Charms         | 1 2 3 4 5 6 7 8 9 10 11 | 11.8
Necromancy     | 1 2 3 4 5 6 7 8 9 10 11 | 11.8
Translocations | 1 2 3 4 5 6 7 8 9 10 11 | 11.8
Transmutations | 1 2 3 4 5 6 7 8 9 10 11 | 11.8
Fire Magic     | 1 2 3 4 5 6 7 8 9 10 11 | 11.8
Ice Magic      | 1 2 3 4 5 6 7 8 9 10 11 | 11.8
Air Magic      | 1 2 3 4 5 6 7 8 9 10 11 | 11.8
Earth Magic    | 1 2 3 4 5 6 7 8 9 10 11 | 11.8
Poison Magic   | 1 2 3 4 5 6 7 8 9 10 11 | 11.8
Dodging        | 5 6 7 8 9 10 11 12 13 14 | 14.3
Stealth        | 5 6 7 8 9 10 11 12 13 14 | 14.2
Summonings     | 8 9 10 11 12 13 | 13.4

Action                   |  1- 3 |  4- 6 |  7- 9 | 10-12 | 13-15 | 16-18 | 19-21 | 22-24 || total
-------------------------+-------+-------+-------+-------+-------+-------+-------+-------++-------
Melee: Unarmed           |    19 |       |       |     4 |    65 |       |       |       ||    88
       Dagger            |    92 |     1 |       |       |       |       |       |       ||    93
       Bite              |     7 |     8 |    41 |   131 |   302 |   104 |   331 |    15 ||   939
       Punch             |     1 |       |     7 |    21 |    38 |       |       |       ||    67
       Spear             |       |    98 |   285 |   570 |   956 |       |       |       ||  1909
       Trident           |       |       |       |       |   340 |   482 |  1057 |       ||  1879
       Broad axe         |       |       |       |       |       |       |   397 |    80 ||   477
 Cast: Summon Small Mamm |    37 |       |       |       |       |       |       |       ||    37
       Call Imp          |     7 |    18 |     6 |     2 |       |       |       |       ||    33
       Summon Ice Beast  |       |     1 |    20 |    27 |    81 |       |       |       ||   129
       Summon Lightning  |       |       |    25 |    57 |   115 |    27 |    11 |       ||   235
       Call Canine Famil |       |       |       |     4 |     5 |       |       |       ||     9
       Lightning Bolt    |       |       |       |     3 |     1 |       |       |       ||     4
       Summon Mana Viper |       |       |       |       |   130 |   100 |   204 |    11 ||   445
       Borgnjor's Vile C |       |       |       |       |       |       |    62 |    11 ||    73
       Iron Shot         |       |       |       |       |       |       |    13 |     3 ||    16
       Passage of Golubr |       |       |       |       |       |       |     3 |       ||     3
Invok: Slouch            |       |       |       |       |     3 |     2 |     5 |       ||    10
Evoke: Wand              |       |       |       |       |     2 |     5 |    11 |       ||    18
       Crystal ball of e |       |       |       |       |     2 |     1 |     3 |     1 ||     7
  Use: Scroll            |    11 |     6 |     5 |    13 |    14 |     3 |    24 |       ||    76
       Potion            |       |       |       |    10 |    12 |     8 |    14 |     2 ||    46
 Stab: Distracted        |     1 |       |     7 |    17 |    42 |    19 |    39 |     2 ||   127
       Sleeping          |     1 |     5 |    14 |    20 |    20 |     4 |    12 |     2 ||    78
       Held in net/web   |       |       |       |       |     2 |       |       |       ||     2
       Petrified         |       |       |       |       |       |       |     2 |       ||     2
  Eat: Chunk             |     5 |     4 |     9 |    10 |    15 |     2 |    10 |       ||    55
       Ration            |       |     1 |     1 |     3 |     4 |     2 |     7 |     1 ||    19
Armor: Robe              |    38 |     7 |    21 |       |       |       |       |       ||    66
       Leather armour    |       |       |     2 |    98 |   224 |   123 |       |       ||   447
       Swamp dragon scal |       |       |       |       |       |    17 |    72 |       ||    89
       Plate armour      |       |       |       |       |       |       |   155 |       ||   155
       Fire dragon scale |       |       |       |       |       |       |   129 |    26 ||   155
Dodge: Dodged            |   111 |    55 |   113 |   291 |   931 |   364 |   550 |    49 ||  2464
Block: Other             |       |    10 |    35 |    93 |    86 |       |       |       ||   224
       Reflection        |       |       |     1 |     1 |    24 |     7 |    71 |     3 ||   107
       Shield            |       |       |       |       |   607 |   565 |  1104 |    69 ||  2345
       Buckler           |       |       |       |       |   107 |       |       |       ||   107

Table legend:
 A = Non-vault XP
 B = Vault XP
 C = Vault XP percentage of total XP
 D = Non-vault monster count
 E = Vault monster count
 F = Vault count percentage of total count
                 A         B        C        D         E       F
            +---------+---------+-------+---------+---------+-------
      Total |  205043 |  290605 |  58.6 |     889 |     790 |  47.1
            +---------+---------+-------+---------+---------+-------
        D:1 |      10 |       0 |   0.0 |      10 |       0 |   0.0
        D:2 |      51 |       4 |   7.3 |      19 |       2 |   9.5
        D:3 |      70 |       0 |   0.0 |      19 |       0 |   0.0
        D:4 |     104 |     195 |  65.2 |       8 |      14 |  63.6
        D:5 |     531 |     270 |  33.7 |      16 |      11 |  40.7
        D:6 |     678 |     252 |  27.1 |      25 |       9 |  26.5
        D:7 |     550 |    1609 |  74.5 |       9 |      25 |  73.5
        D:8 |     688 |     370 |  35.0 |      14 |       2 |  12.5
        D:9 |    1338 |    2209 |  62.3 |      33 |      44 |  57.1
       D:10 |    1273 |     612 |  32.5 |      20 |       6 |  23.1
       D:11 |    2735 |     493 |  15.3 |      17 |       6 |  26.1
       D:12 |    3481 |       0 |   0.0 |      33 |       0 |   0.0
       D:13 |    5059 |     983 |  16.3 |      44 |       3 |   6.4
       D:14 |    5625 |     614 |   9.8 |      20 |      15 |  42.9
       D:15 |    5676 |    1170 |  17.1 |      26 |       2 |   7.1
     Lair:1 |    2295 |       0 |   0.0 |      11 |       0 |   0.0
     Lair:2 |    4490 |    1970 |  30.5 |      13 |       3 |  18.8
     Lair:3 |    2488 |     384 |  13.4 |      14 |       8 |  36.4
     Lair:4 |    2373 |     316 |  11.8 |      15 |      10 |  40.0
     Lair:5 |    3922 |       0 |   0.0 |      17 |       0 |   0.0
     Lair:6 |    6833 |   15511 |  69.4 |      32 |      99 |  75.6
    Swamp:1 |    8394 |     818 |   8.9 |      28 |       1 |   3.4
    Swamp:2 |   10054 |       0 |   0.0 |      35 |       0 |   0.0
    Swamp:3 |    9722 |       0 |   0.0 |      27 |       0 |   0.0
    Swamp:4 |    6339 |   16662 |  72.4 |      21 |      30 |  58.8
   Spider:1 |    4424 |    4627 |  51.1 |      18 |      45 |  71.4
   Spider:2 |   11420 |       0 |   0.0 |      42 |       0 |   0.0
   Spider:3 |   11608 |    1104 |   8.7 |      43 |       1 |   2.3
   Spider:4 |   10313 |   18627 |  64.4 |      39 |      40 |  50.6
      Orc:1 |     926 |    1642 |  63.9 |      21 |      15 |  41.7
      Orc:2 |    2502 |   18889 |  88.3 |      46 |      53 |  53.5
   Vaults:1 |   19094 |   29217 |  60.5 |      49 |      43 |  46.7
   Vaults:2 |   20915 |   73377 |  77.8 |      38 |      93 |  71.0
   Vaults:3 |    6607 |   52781 |  88.9 |       9 |      56 |  86.2
   Vaults:4 |    7371 |    9226 |  55.6 |      16 |      13 |  44.8
   Depths:1 |   25084 |   30257 |  54.7 |      42 |      56 |  57.1
      Sewer |       0 |     124 | 100.0 |       0 |       6 | 100.0
     Bailey |       0 |    2770 | 100.0 |       0 |      69 | 100.0
   Gauntlet |       0 |    3522 | 100.0 |       0 |      10 | 100.0
            +---------+---------+-------+---------+---------+-------
